 Dungeon Crawl Stone Soup version 0.20.1-1-g8b1a95d (webtiles) character file.

511 Monsterracer the Conjurer (level 6, -2/48 HPs)
             Began as a Deep Elf Wizard on Aug 12, 2017.
             Slain by a killer bee (8 damage)
             ... on level 4 of the Dungeon.
             The game lasted 00:11:12 (4031 turns).

Monsterracer the Conjurer (Deep Elf Wizard)         Turns: 4031, Time: 00:11:12

Health: -2/48      AC:  6    Str:  9    XL:     6   Next: 99%
Magic:  2/16       EV: 15    Int: 25    God:
Gold:   151        SH:  0    Dex: 13    Spells: 7/16 levels left

rFire    . . .     SeeInvis .   a - staff of cold
rCold    + . .     Gourm    .   (no shield)
rNeg     . . .     Faith    .   z - +0 robe
rPois    .         Spirit   .   b - +1 hat
rElec    .         Reflect  .   (no cloak)
rCorr    .         Harm     .   (no gloves)
MR       .....                  (no boots)
Stlth    ..........             (no amulet)
Regen    0.2/turn               n - +3 ring of protection
MPRegen  0.2/turn               s - +2 ring of evasion

@: berserking (expiring), lethally poisoned (-2 -> -3), very quick
A: no striking features
a: no special abilities


You were on level 4 of the Dungeon.
You were not hungry.

You visited 1 branch of the dungeon, and saw 4 of its levels.

You collected 151 gold pieces.

Inventory:

Missiles
 o - a throwing net (quivered)
Armour
 b - a +1 hat (worn)
 p - a +0 buckler
 z - a +0 robe (worn)
Magical Staves
 a - an uncursed staff of cold (weapon)
Jewellery
 n - a +3 ring of protection (left hand)
 s - a +2 ring of evasion (right hand)
Wands
 t - a wand of paralysis (13/24)
 y - a wand of clouds (4/9)
Scrolls
 c - 2 scrolls of remove curse
 e - a scroll of fear {unknown}
 j - a scroll of random uselessness {unknown}
 q - a scroll of recharging {unknown}
 v - a scroll of enchant armour
 x - 2 scrolls of teleportation {unknown}
Potions
 g - a potion of brilliance {unknown}
 h - 2 potions of heal wounds
 i - a potion of cancellation {unknown}
 k - a potion of magic
 r - a potion of haste
 u - a potion of lignification {unknown}
 w - 2 potions of curing
 A - a potion of agility {unknown}
Comestibles
 d - 5 bread rations
 f - 4 meat rations
 l - 3 royal jellies


   Skills:
 - Level 2.4 Dodging
 - Level 2.4 Stealth
 + Level 5.9 Spellcasting
 * Level 6.9 Conjurations
   Level 1.1 Summonings
 - Level 1.1 Translocations
 - Level 2.1 Fire Magic


You had 7 spell levels left.
You knew the following spells:

 Your Spells              Type           Power        Failure   Level  Hunger
a - Magic Dart            Conj           ####         1%          1    None
b - Conjure Flame         Conj/Fire      ####....     3%          3    #......
c - Mephitic Cloud        Conj/Pois/Air  ###.....     9%          3    #......
e - Blink                 Tloc           N/A          7%          2    None


Dungeon Overview and Level Annotations

Branches:
Dungeon (4/15)
 Temple: D:4-7

Altars:


Message History

You hit the killer bee.
The killer bee is almost dead.
The killer bee barely misses you. x2
You barely miss the killer bee.
The killer bee is almost dead.
The killer bee stings you.
* * * LOW HITPOINT WARNING * * *
Huge Dmg: -8%(-4hp) hp: 15%(7hp)
You barely miss the killer bee.
The killer bee is almost dead.
The killer bee stings you but does no damage.
The killer bee misses you.
You barely miss the killer bee.
The killer bee is almost dead.
You feel sick. The killer bee misses you. The killer bee barely misses you.
Damage: -2%(-1hp) hp: 13%(6hp)
You miss the killer bee.
The killer bee is almost dead.
The killer bee stings you!
You die...

......#
#........#
......#
#........#
...<..#
##.......#
......#
#.......#
......#
#..######
......#
#..##..##
......#
#.......#
......#
#.......#
......#
#....@..#
......#
#..##y###
......#
#..#.†..#
......#
#..#....#
......#
####[...#
......#
#....#
......######
#....#
####.......#
#....#
#..#.......#
#y...#


You could see a killer bee.

Vanquished Creatures
  A killer bee (D:4)
  2 hounds (D:4)
  2 orc priests
  A centaur skeleton (D:4)
  An orc wizard (D:4)
  An iguana (D:4)
  Ijyb (D:2)
  A worker ant (D:4)
  A hound skeleton (D:4)
  A gnoll (D:1)
  8 adders
  A shadow imp (D:4)
  3 worms
  3 dart slugs
  2 leopard geckos (D:4)
  14 orcs
  2 giant cockroaches
  9 goblins
  6 hobgoblins
  3 jackals (D:2)
  4 quokkas
  11 bats
  8 frilled lizards
  6 kobolds
  12 rats
104 creatures vanquished.

Notes
Turn   | Place    | Note
-------+----------+-------------------------------------------
     0 | D:1      | Monsterracer the Deep Elf Wizard began the quest for the Orb.
     0 | D:1      | Reached XP level 1. HP: 10/10 MP: 7/7
   149 | D:1      | Reached skill level 2 in Conjurations
   152 | D:1      | Reached XP level 2. HP: 11/15 MP: 1/9
   171 | D:1      | Learned a level 2 spell: Blink
   447 | D:1      | Reached skill level 3 in Conjurations
   492 | D:1      | Reached XP level 3. HP: 19/19 MP: 3/10
   498 | D:1      | Learned a level 3 spell: Conjure Flame
   502 | D:1      | Learned a level 3 spell: Mephitic Cloud
   932 | D:2      | Reached skill level 4 in Conjurations
  1295 | D:2      | Reached XP level 4. HP: 20/24 MP: 2/12
  1589 | D:2      | Reached skill level 1 in Fire Magic
  1841 | D:3      | Noticed Ijyb
  1924 | D:2      | Killed Ijyb
  1960 | D:2      | Reached skill level 5 in Conjurations
  2020 | D:2      | Reached XP level 5. HP: 28/28 MP: 0/13
  2281 | D:3      | Found a faded altar of an unknown god.
  3060 | D:4      | Reached skill level 5 in Spellcasting
  3119 | D:4      | Reached XP level 6. HP: 25/32 MP: 9/15
  3129 | D:4      | Reached skill level 6 in Conjurations
  4019 | D:4      | HP: 24/48 [killer bee (9)]
  4026 | D:4      | HP: 15/48 [poisoned by a killer bee]
  4028 | D:4      | HP: 7/48 [killer bee (4)]
  4031 | D:4      | Slain by a killer bee

Skill      XL: |  1  2  3  4  5  6 |
---------------+-------------------+-----
Conjurations   | 2 3 4 5 6 |  6.9
Fire Magic     | 1 2 |  2.1
Spellcasting   | 5 |  5.9
Dodging        | |  2.4
Stealth        | |  2.4
Summonings     | |  1.1
Translocations | |  1.1

Action                   |  1- 3 |  4- 6 || total
-------------------------+-------+-------++-------
Melee: Hand axe          |     4 |       ||     4
       Spear             |     9 |    25 ||    34
       Staff             |       |    29 ||    29
 Cast: Magic Dart        |    88 |   189 ||   277
       Mephitic Cloud    |     1 |     5 ||     6
       Conjure Flame     |       |     5 ||     5
       Blink             |       |     1 ||     1
  Use: Scroll            |       |     8 ||     8
       Potion            |       |     1 ||     1
 Stab: Distracted        |       |     1 ||     1
  Eat: Chunk             |     1 |     9 ||    10
Armor: Robe              |     3 |    18 ||    21
Dodge: Dodged            |    39 |    85 ||   124
